AoeStats
← LedgenP

Arena

507611505Analyzed
3v3 RM · 12d ago on Sep 19, 2026· 38m 21s· 6 players
Game mode
Random Map
Map size
Normal (6 player)
Population
200
Speed
Normal
Resources
Standard
Victory
Conquest
Starting age
Dark Age
Ending age
Imperial Age
RankedLock teamsTeams togetherTeam positionsShared explorationLock speedFull tech treeHidden civsTurbo modeCheats
Victory
Defeat
🇺🇸 Britons · United States
1000
+40
🇺🇸 Portuguese · United States
954
+44
🇺🇸 Sicilians · United States
954
+44
🇨🇳 Georgians · China
956
-15
🇺🇸 Teutons · United States
946
-15
🇦🇷 Khmer · Argentina
893
-13
LedgenP
10:40 Feudal Age
14:49 Castle Age
13:16 Double-Bit Axe
21:59 Wheelbarrow
23:22 Bow Saw
27:47 Imperial Age
25:35 Stone Mining
25:37 Gold Mining
29:45 Hand Cart
32:24 Forging
32:14 Scale Mail Armor
36:04 Ballistics
35:56 Fortified Wall
Cambell
10:49 Feudal Age
10:44 Loom
17:42 Castle Age
17:23 Wheelbarrow
19:56 Double-Bit Axe
21:42 Gold Mining
21:41 Horse Collar
25:07 Gold Shaft Mining
24:26 Stone Mining
lorry7138
0:27 Loom
10:06 Feudal Age
10:27 Feudal Age
12:43 Wheelbarrow
12:15 Double-Bit Axe
15:07 Castle Age
15:32 Double-Bit Axe
15:45 Horse Collar
18:59 Heavy Plow
19:35 Bow Saw
19:47 Stone Mining
21:57 Gold Mining
23:24 Hand Cart
22:57 Town Watch
24:36 Treadmill Crane
27:32 Stone Shaft Mining
32:22 Imperial Age
31:12 Husbandry
31:22 Bloodlines
31:43 Forging
31:39 Scale Barding Armor
32:14 Fletching
32:25 Murder Holes
32:52 Ballistics
32:43 Masonry
33:41 Iron Casting
34:07 Conscription
33:53 Aznauri Cavalry
34:07 Guilds
34:34 Aznauri Cavalry
36:14 Blast Furnace
35:36 Chain Barding Armor
35:13 Bodkin Arrow
35:21 Padded Archer Armor
34:57 Elite Monaspa
37:29 Aznauri Cavalry
[TASF]Jomama!
11:05 Feudal Age
9:50 Loom
15:12 Castle Age
13:25 Horse Collar
13:42 Double-Bit Axe
15:38 Fletching
16:18 Bodkin Arrow
16:41 Padded Archer Armor
20:31 Crossbowman
26:04 Murder Holes
26:20 Masonry
26:37 Heavy Plow
26:49 Bow Saw
31:10 Leather Archer Armor
31:19 Ballistics
35:23 Imperial Age
33:34 Wheelbarrow
35:26 Yeomen
35:07 Stone Mining
35:09 Gold Mining
36:09 Hand Cart
35:50 Arbalester
38:12 Bracer
38:43 Ring Archer Armor
Punished Beans
3:00 Loom
13:10 Feudal Age
13:59 Double-Bit Axe
13:58 Horse Collar
21:16 Castle Age
19:33 Fletching
23:54 Heavy Plow
26:01 Gold Mining
26:59 Bow Saw
35:06 Imperial Age
35:29 Stone Mining
36:41 Capped Ram
Gentleman 27
9:39 Feudal Age
10:24 Double-Bit Axe
10:47 Horse Collar
12:38 Wheelbarrow
17:23 Castle Age
18:21 Heavy Plow
19:06 Bow Saw
23:27 Loom
23:29 Town Watch
24:44 Pikeman
24:45 Man-at-Arms
25:12 Gambesons
26:34 Hand Cart
26:50 Redemption
30:34 Imperial Age
29:39 Fletching
29:50 Padded Archer Armor
30:03 Forging
31:48 Halberdier
32:27 Stone Mining
32:27 Gold Mining
32:56 Leather Archer Armor
32:37 Bodkin Arrow
34:21 Crop Rotation
34:35 Arquebus
34:57 Conscription
34:46 Capped Ram
35:46 Elite Organ Gun
37:13 Capped Ram
38:28 Ring Archer Armor
38:34 Iron Casting
Connection lost

Rejoining the realm…

Still unreachable

The connection could not be restored.

Session expired

The server has moved on; the page needs a fresh start.